 Dungeon Crawl Stone Soup version 0.30-a0-883-g5ad918d77d (webtiles) character file.

Game seed: 861730809293346206

133 IdlyInterested the Slasher (level 4, -7/34 HPs)
             Began as a Demonspawn Gladiator on Mar 15, 2023.
             Killed from afar by Ijyb (11 damage)
             ... with a bolt of light
             ... on level 4 of the Dungeon.
             The game lasted 00:09:14 (2994 turns).

IdlyInterested the Slasher (Demonspawn Gladiator)   Turns: 2994, Time: 00:09:15

Health: -7/34      AC: 10    Str: 15    XL:     4   Next: 93%
Magic:  4/4        EV:  7    Int:  9    God:
Gold:   158        SH:  0    Dex: 16    Spells: 3/3 levels left

rFire   . . .      SeeInvis .    a - +0 long sword
rCold   . . .      Faith    .    (no shield)
rNeg    . . .      Spirit   .    l - +0 chain mail
rPois   .          Reflect  .    c - +1 helmet
rElec   .          Rampage  .    (no cloak)
rCorr   .                        (no gloves)
Will    .....                    (no boots) Stlth
                                 (no amulet)
HPRegen 0.25/turn                (no ring)
MPRegen 0.09/turn                (no ring)

@: no status effects
A: powered by pain 1, weakness stinger 1
a: no special abilities


You were on level 4 of the Dungeon.
You visited 1 branch of the dungeon, and saw 4 of its levels.

You collected 161 gold pieces.
You spent 3 gold pieces at shops.

Inventory:

Hand Weapons
 a - a +0 long sword (weapon)
 h - a +1 dagger of venom
 p - a +1 dagger of draining
Missiles
 d - 2 throwing nets
 e - a javelin
 f - 22 stones
 i - 8 poisoned darts (quivered)
Armour
 c - a +1 helmet (worn)
 l - a +0 chain mail (worn)
Jewellery
 q - a ring of wizardry
Wands
 m - a wand of flame (25)
 o - a wand of roots (10)
Scrolls
 j - 4 scrolls of identify
 k - a scroll of vulnerability
 n - a scroll of magic mapping {unknown}
Potions
 b - 2 potions of mutation
 g - a potion of brilliance


   Skills:
 * Level 2.8 Fighting
 + Level 3.7 Long Blades
 - Level 2.0 Throwing
 - Level 1.0 Armour
 - Level 3.0 Dodging
 - Level 1.0 Stealth
 - Level 1.0 Shields
 - Level 1.0 Evocations


You had 3 spell levels left.
You didn't know any spells.
Your spell library contained the following spells:

 Spells                   Type           Power      Damage    Failure   Level
 Sting                    Tmut/Pois      0%         1d3       100%        1
 Poisonous Vapours        Pois/Air       0%         N/A       100%        2
 Olgreb's Toxic Radiance  Pois           0%         N/A       100%        4
 Freezing Cloud           Conj/Ice/Air   0%         6-21      100%        5
 Simulacrum               Ice/Necr       0%         N/A       100%        6
 Polar Vortex             Ice            0%         N/A       100%        9


Dungeon Overview and Level Annotations

Branches:
Dungeon (4/15)             Temple (0/1) D:4

Altars:

Shops:
D:3 (

Annotations:
D:4 Ijyb


Innate Abilities, Weirdness & Mutations

You sometimes gain a little power by taking damage.
You have a small tail.


Message History

You miss the adder.
The adder is severely wounded.
The adder barely misses you. x2; Ijyb hits you with a +0 club.
You barely miss the adder.
The adder is severely wounded.
The adder closely misses you. Ijyb hits you with a +0 club.
The adder bites you but does no damage.
You hit the adder. You tail-slap the adder.
You kill the adder!
The orc hits you with a +0 mace.
Ijyb screams, "It's all mine!"
Ijyb hits you with a +0 club.
You hit Ijyb but do no damage. You tail-slap Ijyb, but do no damage.
Ijyb hits you but does no damage. The orc hits you with a +0 mace!
* * * LOW HITPOINT WARNING * * *
Okay, then.
You closely miss Ijyb. You tail-slap Ijyb, but do no damage.
Ijyb barely misses you. The orc hits you with a +0 mace.
* * * LOW HITPOINT WARNING * * *
Throw: 3 throwing nets
Press: ? - help, Shift-Dir - straight line, f - Ijyb
Aim: Ijyb, wielding a +0 club, wearing a +0 ring mail and carrying a wand of light (6) (58% to hit)
You throw a throwing net. The throwing net hits Ijyb.
Ijyb is caught in the net!
Ijyb struggles against the net.
The orc hits you but does no damage.
You hit Ijyb but do no damage.
Ijyb struggles against the net.
The orc hits you with a +0 mace.
* * * LOW HITPOINT WARNING * * *
Ijyb struggles against the net.
The orc hits you with a +0 mace.
* * * LOW HITPOINT WARNING * * *
You hit Ijyb but do no damage.
Ijyb struggles against the net.
The orc hits you with a +0 mace.
* * * LOW HITPOINT WARNING * * *
You hit Ijyb but do no damage. The orc closely misses you.
Ijyb struggles against the net.
You strike the helpless Ijyb from behind!
You hit Ijyb.
Ijyb is lightly wounded.
Ijyb zaps a wand.
The bolt of light hits you!
You die...

.........
....
.....!... ...
..........#..
.........#..
..........<
#.........#
#.........#
#......g@:#
#.[....o..#
8.#...<.##
........##
.>.8##... ...
####. .8 .# #


You could see Ijyb (caught) and an orc.

Vanquished Creatures
  3 adders
  5 worms
  A dart slug (D:3)
  8 orcs (D:3)
  6 ball pythons
  11 bats
  6 endoplasms
  2 giant cockroaches
  8 goblins
  8 hobgoblins
  3 jackals (D:1)
  5 kobolds
  3 quokkas
  2 frilled lizards (D:1)
  A rat (D:1)
72 creatures vanquished.

Notes
Turn   | Place    | Note
-------+----------+-------------------------------------------
     0 | D:1      | IdlyInterested the Demonspawn Gladiator began the quest for
                  | the Orb.
     0 | D:1      | Reached XP level 1. HP: 16/16 MP: 1/1
   131 | D:1      | Gained mutation: You have a small tail. [demonic ancestry]
   131 | D:1      | Reached XP level 2. HP: 22/22 MP: 2/2
   516 | D:1      | Reached skill level 1 in Evocations
   694 | D:1      | Reached XP level 3. HP: 24/27 MP: 3/3
   736 | D:1      | Found a faded altar of an unknown god.
   766 | D:1      | Reached skill level 1 in Stealth
  1331 | D:2      | Reached skill level 1 in Armour
  1476 | D:2      | Gained mutation: You sometimes gain a little power by
                  | taking damage. [demonic ancestry]
  1476 | D:2      | Reached XP level 4. HP: 8/33 MP: 4/4
  1883 | D:3      | Reached skill level 1 in Shields
  1927 | D:3      | Found Isufa's Weapon Boutique.
  2044 | D:3      | Bought 3 stones for 3 gold pieces
  2978 | D:4      | Found a staircase to the Ecumenical Temple.
  2979 | D:4      | Noticed Ijyb
  2994 | D:4      | Killed from afar by Ijyb

Illustrated notes

Levels and vault maps discovered:
D:1:      dpeg_arrival_lava_temple_mockup, layout_loops_cross,
          ebering_ecumenical_altar_mist, grunt_decor_cap
D:2:      layout_rooms
D:3:      layout_basic, serial_shops, shop, hangedman_decor_riveting
D:4:      layout_rooms, minmay_temple_entry_statues_pillars, serial_forest,
          infiniplex_forest_lined_3_way, infiniplex_forest_corner_1,
          infiniplex_forest_lined_room_3, infiniplex_forest_lined_2,
          infiniplex_forest_end_3, infiniplex_forest_lined_room_3,
          infiniplex_forest_zigzag_1, infiniplex_forest_join,
          infiniplex_forest_straight_2, infiniplex_forest_straight_1,
          chequers_serial_rivers_micro_e, uniq_ijyb, uniq_eustachio

Skill      XL: |  1  2  3  4 |
---------------+-------------+-----
Dodging        | 3 |  3.0
Throwing       | 2 |  2.0
Long Blades    | 3 |  3.7
Evocations     | 1 |  1.0
Stealth        | 1 |  1.0
Armour         | 1 |  1.0
Shields        | 1 |  1.0
Fighting       | |  2.8

Action                     |  1- 3 |  4- 6 || total
---------------------------+-------+-------++-------
  Melee: Long sword        |   128 |    81 ||   209
         Tailslap          |    11 |     6 ||    17
         Punch             |     1 |       ||     1
  Throw: Stone             |     1 |       ||     1
         Dart              |    10 |    15 ||    25
         Throwing net      |       |     1 ||     1
    Use: Scroll            |     3 |     4 ||     7
   Stab: Held in net/web   |       |     1 ||     1
 Armour: Leather armour    |    28 |       ||    28
         Chain mail        |    27 |    43 ||    70
  Dodge: Dodged            |    82 |    26 ||   108

Table legend: (Time is in decaauts)
 A = Elapsed time spent in this place.
 B = Non-inter-level travel time spent in this place.
 C = Inter-level travel time spent in this place.
 D = Time resting spent in this place.
 E = Time spent auto-exploring this place.
 F = Levels seen in this place.
 G = Mean time per level.
                   A        B        C        D        E       F      G
               +--------+--------+--------+--------+--------+-----+--------+
         Total |   3041 |   2681 |    360 |    496 |   1437 |   4 |  760.2 |
       Dungeon |   3041 |   2681 |    360 |    496 |   1437 |   4 |  760.2 |
               +--------+--------+--------+--------+--------+-----+--------+

Top non-repeatable levels by time:
     D:1: 1175 daAuts
     D:3: 1141 daAuts
     D:2: 706 daAuts
     D:4: 18 daAuts
